 Dungeon Crawl Stone Soup version 0.30-a0-702-gdf48620a09 (webtiles) character file.

Game seed: 1242978657229145146

4508 octoduck the Nimble (level 10, -2/58 HPs)
             Began as an Octopode Transmuter on Jan 22, 2023.
             Was a Believer of Fedhas.
             Slain by a shadow (8 damage)
             ... on level 8 of the Dungeon.
             The game lasted 00:50:00 (12585 turns).

octoduck the Nimble (Octopode Transmuter)          Turns: 12585, Time: 00:50:00

Health: -2/58      AC:  4    Str: 12    XL:     10   Next: 39%
Magic:  13/13      EV: 17    Int: 16    God:    Fedhas [**....]
Gold:   502        SH:  8    Dex: 14    Spells: 3/13 levels left

rFire   . . .      SeeInvis .      - Unarmed
rCold   . . .      Faith    .    e - +3 buckler {AC+3}
rNeg    . . .      Spirit   .    (helmet currently unavailable)
rPois   .          Reflect  .    (no amulet)
rElec   .          Harm     .    a - ring of wizardry
rCorr   .          Rampage  .    (no ring)
Will    .....                    (no ring)
Stlth   +++++                    (no ring)
HPRegen 0.29/turn                (no ring)
MPRegen 0.13/turn                (no ring)
                                 (no ring)
                                 (no ring)

@: about to teleport, appendages
A: tentacle spike 3, almost no armour, amphibious, 8 rings, camouflage 1,
gelatinous body 1, (nimble swimmer 1), tentacles
a: End Transformation, Renounce Religion, Wall of Briars


You were on level 8 of the Dungeon.
You worshipped Fedhas.
Fedhas was pleased with you.
One of your tentacles had grown a beastly spike.
You visited 2 branches of the dungeon, and saw 10 of its levels.

You collected 502 gold pieces.

Inventory:

Armour
 e - a +3 buckler of protection (worn)
Jewellery
 a - a ring of wizardry (left tentacle)
Wands
 l - a wand of digging (7)
 m - a wand of flame (43)
 o - a wand of iceblast (10)
Scrolls
 f - a scroll of teleportation
 i - a scroll of enchant armour
 n - a scroll of amnesia
Potions
 b - a potion of mutation {unknown}
 c - a potion of haste
 d - 2 potions of brilliance
 g - 4 potions of curing
 h - 2 potions of ambrosia
 j - a potion of lignification
 k - a potion of heal wounds


   Skills:
 - Level 1.0 Fighting
 - Level 9.3 Dodging
 - Level 8.2 Stealth
 - Level 4.2 Shields
 + Level 6.6 Unarmed Combat
 - Level 2.0 Spellcasting
 - Level 7.3 Transmutations
 + Level 0.0 Ice Magic


You had 3 spell levels left.
You knew the following spells:

 Your Spells              Type           Power      Damage    Failure   Level
a - Beastly Appendage     Tmut           50%        N/A       1%          1
b - Ensorcelled Hibernat  Hex/Ice        2%         N/A       16%         2
c - Spider Form           Tmut/Pois      13%        N/A       7%          3
d - Ice Form              Ice/Tmut       13%        N/A       22%         4

Your spell library contained the following spells:

 Spells                   Type           Power      Damage    Failure   Level
 Wereblood                Tmut           25%        N/A       1%          2
 Passwall                 Tmut/Erth      10%        N/A       3%          2
 Kiss of Death            Conj/Necr      4%         2d5       11%         1
 Cigotuvi's Dreadful Rot  Necr/Pois/Air  2%         N/A       16%         2
 Call Canine Familiar     Summ           1%         N/A       30%         3
 Portal Projectile        Hex/Tloc       2%         N/A       30%         3
 Summon Guardian Golem    Hex/Summ       1%         N/A       30%         3
 Swiftness                Air            1%         N/A       30%         3
 Cause Fear               Hex            0%         N/A       67%         4
 Dispel Undead            Necr           1%         3d6       67%         4
 Leda's Liquefaction      Hex/Erth       0%         N/A       67%         4
 Dragon Form              Tmut           12%        N/A       98%         7
 Death Channel            Necr           0%         N/A       100%        6
 Orb of Destruction       Conj           0%         9d5       100%        7
 Spellforged Servitor     Conj/Summ      0%         N/A       100%        7
 Dragon's Call            Summ           0%         N/A       100%        9


Dungeon Overview and Level Annotations

Branches:
Dungeon (9/15)             Temple (1/1) D:7
   Lair: D:8-11         Orc: D:9-12

Altars:
Ashenzari
Cheibriados
Dithmenos
Elyvilon
Fedhas
Gozag
Kikubaaqudgha
Makhleb
Nemelex Xobeh
Okawaru
Qazlal
Ru
Sif Muna
Trog
Vehumet
Wu Jian
Xom
Yredelemnul
Zin
The Shining One

Annotations:
D:5 exclusion: black bear
D:6 Grinder


Innate Abilities, Weirdness & Mutations

One of your tentacles has grown a beastly spike.
You cannot wear most types of armour.
You are amphibious.
You can wear up to eight rings at the same time.
Your skin changes colour to match your surroundings (Stealth+).
Your rubbery body absorbs attacks. (AC +1, EV +1)
((You are camouflaged when in or above water. (Stealth+)))
You have tentacles for arms and can constrict up to eight enemies at once.


Message History

You tentacle-slap the shadow.
Your tentacle spike misses the shadow.
You squeeze the shadow.
The shadow is lightly damaged.
The shadow hits you.
You tentacle-slap the shadow but do no damage.
Your tentacle spike misses the shadow.
The shadow is lightly damaged.
The shadow slips into darkness.
The shadow flickers and vanishes!
Deactivating autopickup; reactivate with Ctrl-A.
You tentacle-slap something but do no damage.
Your squeeze misses something.
The shadow strikes at you from the darkness!
Reactivating autopickup.
You tentacle-slap the shadow.
Your tentacle spike misses the shadow.
The shadow is moderately damaged.
The shadow hits you.
You tentacle-slap the shadow.
Your tentacle spike misses the shadow.
The shadow is heavily damaged.
The shadow slips into darkness.
The shadow flickers and vanishes!
Deactivating autopickup; reactivate with Ctrl-A.
The shadow strikes at you from the darkness!
* * * LOW HITPOINT WARNING * * *
Reactivating autopickup.
Okay, then.
There is a stone staircase leading up here.
The shadow slips into darkness.
The shadow flickers and vanishes!
Deactivating autopickup; reactivate with Ctrl-A.
You climb upwards.
Reactivating autopickup.
There is a stone staircase leading down here.
As you read the scroll of teleportation, it crumbles to dust.
You feel strangely unstable.
The shadow strikes at you from the darkness!
* * * LOW HITPOINT WARNING * * *
The shadow attacks as you move away! The shadow hits you!
You die...
Fedhas appreciates your contribution to the ecosystem.

#...# #.#####..##
#...# ###.####...##
####...###.....#.....#
#..............##.....
#..............###.###
#...>).........# #.#
####...###.....# #.#
#.W.# #########'###
#.@.# ##...##
##.##########.....#
#.##.#............
#.#....###........
#........+........
#........#........
####.#.#.##.......
###.#.###.....#
#.#.###....##


You could see a shadow.

Vanquished Creatures
  A hornet (D:8)
  Sigmund (D:2)
  10 yaks
  3 steam dragons
  3 water moccasins (D:5)
  A sky beast (D:7)
  2 ice beasts (D:5)
  A centaur (D:8)
  A phantom (D:5)
  2 bullfrogs (D:7)
  A gnoll sergeant (D:7)
  2 necrophages
  2 scorpions
  9 wights
  3 hounds
  3 orc priests
  3 jellies
  6 orc wizards
  2 iguanas (D:6)
  4 gnolls (D:7)
  6 adders
  3 white imps
  An ufetubus (D:4)
  2 worms
  3 dart slugs (D:2)
  36 orcs
  2 endoplasms (D:4)
  5 giant cockroaches
  4 goblins (D:1)
  5 hobgoblins
  8 jackals
  4 quokkas
  5 ball pythons
  3 bats
  A frilled lizard (D:3)
  6 kobolds
  5 rats
159 creatures vanquished.

Vanquished Creatures (others)
  An orc (D:7)
  18 fungi (D:7)
  8 plants
27 creatures vanquished.

Grand Total: 186 creatures vanquished

Notes
Turn   | Place    | Note
-------+----------+-------------------------------------------
     0 | D:1      | octoduck the Octopode Transmuter began the quest for the
                  | Orb.
     0 | D:1      | Reached XP level 1. HP: 13/13 MP: 3/3
   374 | D:1      | Reached skill level 1 in Stealth
   436 | D:1      | Reached XP level 2. HP: 14/18 MP: 3/5
  1362 | D:2      | Noticed Sigmund
  1643 | D:2      | Reached XP level 3. HP: 23/23 MP: 6/6
  1727 | D:2      | Got the Spellbook of Reformation and Corpses
  2186 | D:3      | Found an ornate altar of the Wu Jian Council.
  2573 | D:3      | Reached skill level 1 in Shields
  2651 | D:3      | Noticed a wight
  2651 | D:3      | Noticed a wight
  2651 | D:3      | Noticed a wight
  2652 | D:3      | Noticed a wight
  2652 | D:3      | Noticed a wight
  2770 | D:3      | Reached skill level 3 in Dodging
  2770 | D:3      | Reached XP level 4. HP: 26/28 MP: 7/7
  3137 | D:4      | Reached XP level 5. HP: 33/33 MP: 8/8
  3831 | D:5      | Entered Level 5 of the Dungeon
  4106 | D:5      | Reached XP level 6. HP: 38/38 MP: 7/9
  4132 | D:5      | Reached skill level 4 in Dodging
  4239 | D:4      | Reached skill level 5 in Stealth
  4436 | D:5      | Noticed a water moccasin
  4684 | D:5      | Reached XP level 7. HP: 24/43 MP: 10/10
  4890 | D:5      | Found a radiant altar of Vehumet.
  5071 | D:5      | Reached skill level 5 in Dodging
  5806 | D:5      | Reached XP level 8. HP: 6/48 MP: 11/11
  6286 | D:6      | Noticed Grinder
  6346 | D:6      | Reached skill level 6 in Dodging
  6479 | D:5      | Reached skill level 5 in Unarmed Combat
  6710 | D:6      | Learned a level 2 spell: Ensorcelled Hibernation
  6714 | D:6      | Learned a level 3 spell: Spider Form
  7274 | D:7      | Found a staircase to the Ecumenical Temple.
  7282 | Temple   | Entered the Ecumenical Temple
  7304 | Temple   | Became a worshipper of Fedhas Madash
  7369 | D:7      | Found an iron altar of Okawaru.
  7733 | D:7      | Reached skill level 7 in Dodging
  7832 | D:7      | Noticed a yak
  7832 | D:7      | Noticed a yak
  7860 | D:7      | Noticed a yak
  7861 | D:7      | Noticed a yak
  7861 | D:7      | Noticed a yak
  7863 | D:7      | Noticed a yak
  7889 | D:6      | Found a shadowy altar of Dithmenos.
  8750 | D:2      | Reached XP level 9. HP: 53/53 MP: 12/12
  9216 | D:3      | Reached * piety under Fedhas
  9298 | D:2      | Killed Sigmund
  9299 | D:2      | Reached skill level 5 in Transmutations
  9373 | D:3      | Reached skill level 8 in Dodging
 10826 | D:7      | Reached XP level 10. HP: 44/58 MP: 11/13
 10936 | D:7      | Reached skill level 9 in Dodging
 11064 | D:8      | Reached ** piety under Fedhas
 11942 | D:8      | Found a basalt altar of Yredelemnul.
 12469 | D:8      | Learned a level 4 spell: Ice Form
 12585 | D:8      | Slain by a shadow

Illustrated notes

Levels and vault maps discovered:
D:1:      minmay_arrival_radiant_lines, layout_loops_ring, dk_noncrumbling_3
D:2:      layout_basic, serial_bayou_crossing, uniq_sigmund
D:3:      layout_rooms, nzn_wu_jian_council_hall, chequers_garden,
          minmay_misc_feat_rugged, serial_bayou_pond_d
D:4:      layout_rooms
D:5:      layout_loops_corners, nicolae_vehumet_altar_sigil
D:6:      layout_rooms, nicolae_dithmenos_the_darkroom, uniq_grinder
D:7:      kennysheep_steamy, layout_rooms, kennysheep_little_box,
          minmay_temple_entry_tees, minivault_24, kennysheep_generic_room_13
D:8:      layout_loops_corners, nicolae_overflow_crystal_walls
D:9:      layout_loops_ring, jmf_multi_god_temple2, erik_orc_2
Temple:   minmay_freezing_vapour_temple

Skill      XL: |  1  2  3  4  5  6  7  8  9 10 |
---------------+-------------------------------+-----
Stealth        | 1 2 3 4 5 7 8 |  8.2
Shields        | 1 2 3 4 |  4.2
Dodging        | 3 4 5 7 8 9 |  9.3
Unarmed Combat | 4 5 6 |  6.6
Transmutations | 4 7 |  7.3
Fighting       | |  1.0
Spellcasting   | |  2.0

Action                   |  1- 3 |  4- 6 |  7- 9 | 10-12 || total
-------------------------+-------+-------+-------+-------++-------
Melee: Unarmed           |    81 |    79 |   302 |    78 ||   540
       Constrict         |    22 |    21 |    48 |     5 ||    96
       Kick              |    19 |    30 |    80 |     9 ||   138
       Tentacles         |    17 |    26 |    63 |    10 ||   116
       Punch             |     1 |     2 |     8 |     3 ||    14
 Cast: Beastly Appendage |    30 |    24 |    48 |     7 ||   109
       Ensorcelled Hiber |       |       |     8 |       ||     8
       Spider Form       |       |       |     8 |     5 ||    13
Evoke: Wand              |       |       |     2 |       ||     2
  Use: Scroll            |     9 |     5 |     3 |     3 ||    20
       Potion            |       |     1 |     1 |     1 ||     3
 Stab: Sleeping          |     4 |     2 |    11 |     5 ||    22
       Distracted        |       |       |     1 |       ||     1
Armor: Skin              |    12 |    16 |    21 |     4 ||    53
Dodge: Dodged            |    38 |    28 |   171 |    55 ||   292
Block: Buckler           |    11 |    21 |    71 |    19 ||   122

Table legend: (Time is in decaauts)
 A = Elapsed time spent in this place.
 B = Non-inter-level travel time spent in this place.
 C = Inter-level travel time spent in this place.
 D = Time resting spent in this place.
 E = Time spent auto-exploring this place.
 F = Levels seen in this place.
 G = Mean time per level.
                   A        B        C        D        E       F      G
               +--------+--------+--------+--------+--------+-----+--------+
         Total |  12585 |  11414 |   1171 |   4238 |   2870 |  10 | 1258.5 |
       Dungeon |  12410 |  11239 |   1171 |   4094 |   2870 |   9 | 1378.9 |
        Temple |    175 |    175 |      0 |    144 |      0 |   1 |  175.0 |
               +--------+--------+--------+--------+--------+-----+--------+

Top non-repeatable levels by time:
     D:5: 2740 daAuts
     D:3: 2111 daAuts
     D:7: 1608 daAuts
     D:1: 1538 daAuts
     D:8: 1383 daAuts
     D:4: 1177 daAuts
     D:6: 922 daAuts
     D:2: 914 daAuts
  Temple: 175 daAuts
     D:9: 15 daAuts
